Workbook

Sheet XML
A1: 1. Bier und Weinkeller | L1: Kostet: | M1: 145000
A2: Ausgaben | G2: Einnahmen | M2: Gewinn
A3: Input | B3: Preis / 1.000 L | C3: Input Menge/Zyklus | D3: Zyklen | E3: Verbrqauch/Tag | F3: Ausgabe/Monat | G3: Export | H3: Preis / 1.000 L | I3: Output Menge/Zyklus | J3: Zyklen | K3: Erzeugnis/Tag | L3: Einnahmen/Monat | M3: Gewinn / Linie | N3: =M4+M10 -> 29279.52
A4: Gerste | B4: =_xlfn.XLOOKUP(A4,Preisliste!A:A,Preisliste!B:B,"nicht gefunden") -> 335 | C4: 300 | D4: 24 | E4: =D4*C4 -> 7200 | F4: =(E4/1000)*B4 -> 2412 | G4: Bier | H4: =_xlfn.XLOOKUP(G4,Preisliste!A:A,Preisliste!B:B,"nicht gefunden") -> 1420 | I4: 600 | J4: =D4 -> 24 | K4: =I4*J4 -> 14400 | L4: =(K4/1000)*H4 -> 20448 | M4: =L4-F4-F5-F6-F7-F8+L5 -> 16825.92
A5: Hopfen | B5: =_xlfn.XLOOKUP(A5,Preisliste!A:A,Preisliste!B:B,"nicht gefunden") -> 360 | C5: 100 | D5: =D4 -> 24 | E5: =D5*C5 -> 2400 | F5: =(E5/1000)*B5 -> 864 | G5: OrganischeAbfall | H5: =_xlfn.XLOOKUP(G5,Preisliste!A:A,Preisliste!B:B,"nicht gefunden") -> 30 | I5: 40 | J5: =D4 -> 24 | K5: =I5*J5 -> 960 | L5: =(K5/1000)*H5 -> 28.8
A6: Wasser | B6: =_xlfn.XLOOKUP(A6,Preisliste!A:A,Preisliste!B:B,"nicht gefunden") -> 0 | C6: 300 | D6: =D4 -> 24 | E6: =D6*C6 -> 7200 | F6: =(E6/1000)*B6 -> 0
A7: Metall | B7: =_xlfn.XLOOKUP(A7,Preisliste!A:A,Preisliste!B:B,"nicht gefunden") -> 3000 | C7: 5 | D7: 24 | E7: =D7*C7 -> 120 | F7: =(E7/1000)*B7 -> 360
A8: Hefe | B8: =_xlfn.XLOOKUP(A8,Preisliste!A:A,Preisliste!B:B,"nicht gefunden") -> 310 | C8: 2 | D8: =D7 -> 24 | E8: =D8*C8 -> 48 | F8: =(E8/1000)*B8 -> 14.88
A9: Input | B9: Preis / 1.000 L | C9: Input Menge/Zyklus | D9: Zyklen | E9: Verbrqauch/Tag | F9: Ausgabe/Monat | G9: Export | H9: Preis / 1.000 L | I9: Output Menge/Zyklus | J9: Zyklen | K9: Erzeugnis/Tag | L9: Einnahmen/Monat | M9: Gewinn / Linie
A10: Trauben | B10: =_xlfn.XLOOKUP(A10,Preisliste!A:A,Preisliste!B:B,"nicht gefunden") -> 720 | C10: 150 | D10: 24 | E10: =D10*C10 -> 3600 | F10: =(E10/1000)*B10 -> 2592 | G10: Wein | H10: =_xlfn.XLOOKUP(G10,Preisliste!A:A,Preisliste!B:B,"nicht gefunden") -> 2180 | I10: 300 | J10: =D10 -> 24 | K10: =I10*J10 -> 7200 | L10: =(K10/1000)*H10 -> 15696 | M10: =L10-F10-F11-F12+L11 -> 12453.6
A11: Zucker | B11: =_xlfn.XLOOKUP(A11,Preisliste!A:A,Preisliste!B:B,"nicht gefunden") -> 525 | C11: 20 | D11: =D10 -> 24 | E11: =D11*C11 -> 480 | F11: =(E11/1000)*B11 -> 252 | G11: OrganischeAbfall | H11: =_xlfn.XLOOKUP(G11,Preisliste!A:A,Preisliste!B:B,"nicht gefunden") -> 30 | I11: 40 | J11: =D11 -> 24 | K11: =I11*J11 -> 960 | L11: =(K11/1000)*H11 -> 28.8
A12: Fass | B12: =_xlfn.XLOOKUP(A12,Preisliste!A:A,Preisliste!B:B,"nicht gefunden") -> 1780 | C12: 10 | D12: =D10 -> 24 | E12: =D12*C12 -> 240 | F12: =(E12/1000)*B12 -> 427.2
A14: 2. Brennerei | L14: Kostet: | M14: 150000
A15: Ausgaben | G15: Einnahmen | M15: Gewinn
A16: Input | B16: Preis / 1.000 L | C16: Input Menge/Zyklus | D16: Zyklen | E16: Verbrqauch/Tag | F16: Ausgabe/Monat | G16: Export | H16: Preis / 1.000 L | I16: Output Menge/Zyklus | J16: Zyklen | K16: Erzeugnis/Tag | L16: Einnahmen/Monat | M16: Gewinn / Linie | N16: =M17+M23+M28+M32+M38+M43+M46+M52 -> 58256.88
A17: Trockenmais | B17: =_xlfn.XLOOKUP(A17,Preisliste!A:A,Preisliste!B:B,"nicht gefunden") -> 920 | C17: 200 | D17: 24 | E17: =D17*C17 -> 4800 | F17: =(E17/1000)*B17 -> 4416 | G17: Bourbon | H17: =_xlfn.XLOOKUP(G17,Preisliste!A:A,Preisliste!B:B,"nicht gefunden") -> 2200 | I17: 300 | J17: =D17 -> 24 | K17: =I17*J17 -> 7200 | L17: =(K17/1000)*H17 -> 15840 | M17: =L17-F17-F18-F19-F20-F21+L18 -> 8622
A18: Wasser | B18: =_xlfn.XLOOKUP(A18,Preisliste!A:A,Preisliste!B:B,"nicht gefunden") -> 0 | C18: 300 | D18: =D17 -> 24 | E18: =D18*C18 -> 7200 | F18: =(E18/1000)*B18 -> 0 | G18: OrganischeAbfall | H18: =_xlfn.XLOOKUP(G18,Preisliste!A:A,Preisliste!B:B,"nicht gefunden") -> 30 | I18: 50 | J18: =D17 -> 24 | K18: =I18*J18 -> 1200 | L18: =(K18/1000)*H18 -> 36
A19: Weizen | B19: =_xlfn.XLOOKUP(A19,Preisliste!A:A,Preisliste!B:B,"nicht gefunden") -> 360 | C19: 250 | D19: =D17 -> 24 | E19: =D19*C19 -> 6000 | F19: =(E19/1000)*B19 -> 2160
A20: Fass | B20: =_xlfn.XLOOKUP(A20,Preisliste!A:A,Preisliste!B:B,"nicht gefunden") -> 1780 | C20: 15 | D20: 24 | E20: =D20*C20 -> 360 | F20: =(E20/1000)*B20 -> 640.8
A21: Hefe | B21: =_xlfn.XLOOKUP(A21,Preisliste!A:A,Preisliste!B:B,"nicht gefunden") -> 310 | C21: 5 | D21: =D20 -> 24 | E21: =D21*C21 -> 120 | F21: =(E21/1000)*B21 -> 37.2
A22: Input | B22: Preis / 1.000 L | C22: Input Menge/Zyklus | D22: Zyklen | E22: Verbrqauch/Tag | F22: Ausgabe/Monat | G22: Export | H22: Preis / 1.000 L | I22: Output Menge/Zyklus | J22: Zyklen | K22: Erzeugnis/Tag | L22: Einnahmen/Monat | M22: Gewinn / Linie
A23: Pflaumen | B23: =_xlfn.XLOOKUP(A23,Preisliste!A:A,Preisliste!B:B,"nicht gefunden") -> 640 | C23: 200 | D23: 24 | E23: =D23*C23 -> 4800 | F23: =(E23/1000)*B23 -> 3072 | G23: Brandy | H23: =_xlfn.XLOOKUP(G23,Preisliste!A:A,Preisliste!B:B,"nicht gefunden") -> 2150 | I23: 280 | J23: =D23 -> 24 | K23: =I23*J23 -> 6720 | L23: =(K23/1000)*H23 -> 14448 | M23: =L23-F23-F24-F25-F26+L24 -> 9404.64
A24: Wasser | B24: =_xlfn.XLOOKUP(A24,Preisliste!A:A,Preisliste!B:B,"nicht gefunden") -> 0 | C24: 150 | D24: =D23 -> 24 | E24: =D24*C24 -> 3600 | F24: =(E24/1000)*B24 -> 0 | G24: OrganischeAbfall | H24: =_xlfn.XLOOKUP(G24,Preisliste!A:A,Preisliste!B:B,"nicht gefunden") -> 30 | I24: 80 | J24: =D23 -> 24 | K24: =I24*J24 -> 1920 | L24: =(K24/1000)*H24 -> 57.6
A25: Zucker | B25: =_xlfn.XLOOKUP(A25,Preisliste!A:A,Preisliste!B:B,"nicht gefunden") -> 525 | C25: 100 | D25: =D23 -> 24 | E25: =D25*C25 -> 2400 | F25: =(E25/1000)*B25 -> 1260
A26: Fass | B26: =_xlfn.XLOOKUP(A26,Preisliste!A:A,Preisliste!B:B,"nicht gefunden") -> 1780 | C26: 18 | D26: 24 | E26: =D26*C26 -> 432 | F26: =(E26/1000)*B26 -> 768.96
A27: Input | B27: Preis / 1.000 L | C27: Input Menge/Zyklus | D27: Zyklen | E27: Verbrqauch/Tag | F27: Ausgabe/Monat | G27: Export | H27: Preis / 1.000 L | I27: Output Menge/Zyklus | J27: Zyklen | K27: Erzeugnis/Tag | L27: Einnahmen/Monat | M27: Gewinn / Linie
A28: Äpfel | B28: =_xlfn.XLOOKUP(A28,Preisliste!A:A,Preisliste!B:B,"nicht gefunden") -> 720 | C28: 300 | D28: 24 | E28: =D28*C28 -> 7200 | F28: =(E28/1000)*B28 -> 5184 | G28: Cider | H28: =_xlfn.XLOOKUP(G28,Preisliste!A:A,Preisliste!B:B,"nicht gefunden") -> 2100 | I28: 250 | J28: =D28 -> 24 | K28: =I28*J28 -> 6000 | L28: =(K28/1000)*H28 -> 12600 | M28: =L28-F28-F29-F30+L29 -> 5316
A29: Zucker | B29: =_xlfn.XLOOKUP(A29,Preisliste!A:A,Preisliste!B:B,"nicht gefunden") -> 525 | C29: 100 | D29: =D28 -> 24 | E29: =D29*C29 -> 2400 | F29: =(E29/1000)*B29 -> 1260 | G29: OrganischeAbfall | H29: =_xlfn.XLOOKUP(G29,Preisliste!A:A,Preisliste!B:B,"nicht gefunden") -> 30 | I29: 20 | J29: =D29 -> 24 | K29: =I29*J29 -> 480 | L29: =(K29/1000)*H29 -> 14.4
A30: Fass | B30: =_xlfn.XLOOKUP(A30,Preisliste!A:A,Preisliste!B:B,"nicht gefunden") -> 1780 | C30: 20 | D30: =D28 -> 24 | E30: =D30*C30 -> 480 | F30: =(E30/1000)*B30 -> 854.4
A31: Input | B31: Preis / 1.000 L | C31: Input Menge/Zyklus | D31: Zyklen | E31: Verbrqauch/Tag | F31: Ausgabe/Monat | G31: Export | H31: Preis / 1.000 L | I31: Output Menge/Zyklus | J31: Zyklen | K31: Erzeugnis/Tag | L31: Einnahmen/Monat | M31: Gewinn / Linie
A32: Gerste | B32: =_xlfn.XLOOKUP(A32,Preisliste!A:A,Preisliste!B:B,"nicht gefunden") -> 335 | C32: 200 | D32: 24 | E32: =D32*C32 -> 4800 | F32: =(E32/1000)*B32 -> 1608 | G32: Fruchtlikör | H32: =_xlfn.XLOOKUP(G32,Preisliste!A:A,Preisliste!B:B,"nicht gefunden") -> 2550 | I32: 200 | J32: =D32 -> 24 | K32: =I32*J32 -> 4800 | L32: =(K32/1000)*H32 -> 12240 | M32: =L32-F32-F33-F34-F35-F36+L33 -> 6917.04
A33: Wasser | B33: =_xlfn.XLOOKUP(A33,Preisliste!A:A,Preisliste!B:B,"nicht gefunden") -> 0 | C33: 300 | D33: =D32 -> 24 | E33: =D33*C33 -> 7200 | F33: =(E33/1000)*B33 -> 0 | G33: OrganischeAbfall | H33: =_xlfn.XLOOKUP(G33,Preisliste!A:A,Preisliste!B:B,"nicht gefunden") -> 30 | I33: 50 | J33: =D32 -> 24 | K33: =I33*J33 -> 1200 | L33: =(K33/1000)*H33 -> 36
A34: Erdbeeren | B34: =_xlfn.XLOOKUP(A34,Preisliste!A:A,Preisliste!B:B,"nicht gefunden") -> 490 | C34: 200 | D34: =D32 -> 24 | E34: =D34*C34 -> 4800 | F34: =(E34/1000)*B34 -> 2352
A35: Zucker | B35: =_xlfn.XLOOKUP(A35,Preisliste!A:A,Preisliste!B:B,"nicht gefunden") -> 525 | C35: 50 | D35: 24 | E35: =D35*C35 -> 1200 | F35: =(E35/1000)*B35 -> 630
A36: Fass | B36: =_xlfn.XLOOKUP(A36,Preisliste!A:A,Preisliste!B:B,"nicht gefunden") -> 1780 | C36: 18 | D36: =D35 -> 24 | E36: =D36*C36 -> 432 | F36: =(E36/1000)*B36 -> 768.96
A37: Input | B37: Preis / 1.000 L | C37: Input Menge/Zyklus | D37: Zyklen | E37: Verbrqauch/Tag | F37: Ausgabe/Monat | G37: Export | H37: Preis / 1.000 L | I37: Output Menge/Zyklus | J37: Zyklen | K37: Erzeugnis/Tag | L37: Einnahmen/Monat | M37: Gewinn / Linie
A38: Honig | B38: =_xlfn.XLOOKUP(A38,Preisliste!A:A,Preisliste!B:B,"nicht gefunden") -> 1050 | C38: 80 | D38: 24 | E38: =D38*C38 -> 1920 | F38: =(E38/1000)*B38 -> 2016 | G38: Honigmet | H38: =_xlfn.XLOOKUP(G38,Preisliste!A:A,Preisliste!B:B,"nicht gefunden") -> 2580 | I38: 150 | J38: =D38 -> 24 | K38: =I38*J38 -> 3600 | L38: =(K38/1000)*H38 -> 9288 | M38: =L38-F38-F39-F40-F41+L39 -> 6843.6
A39: Wasser | B39: =_xlfn.XLOOKUP(A39,Preisliste!A:A,Preisliste!B:B,"nicht gefunden") -> 0 | C39: 160 | D39: =D38 -> 24 | E39: =D39*C39 -> 3840 | F39: =(E39/1000)*B39 -> 0 | G39: OrganischeAbfall | H39: =_xlfn.XLOOKUP(G39,Preisliste!A:A,Preisliste!B:B,"nicht gefunden") -> 30 | I39: 50 | J39: =D38 -> 24 | K39: =I39*J39 -> 1200 | L39: =(K39/1000)*H39 -> 36
A40: Fass | B40: =_xlfn.XLOOKUP(A40,Preisliste!A:A,Preisliste!B:B,"nicht gefunden") -> 1780 | C40: 10 | D40: =D38 -> 24 | E40: =D40*C40 -> 240 | F40: =(E40/1000)*B40 -> 427.2
A41: Hefe | B41: =_xlfn.XLOOKUP(A41,Preisliste!A:A,Preisliste!B:B,"nicht gefunden") -> 310 | C41: 5 | D41: 24 | E41: =D41*C41 -> 120 | F41: =(E41/1000)*B41 -> 37.2
A42: Input | B42: Preis / 1.000 L | C42: Input Menge/Zyklus | D42: Zyklen | E42: Verbrqauch/Tag | F42: Ausgabe/Monat | G42: Export | H42: Preis / 1.000 L | I42: Output Menge/Zyklus | J42: Zyklen | K42: Erzeugnis/Tag | L42: Einnahmen/Monat | M42: Gewinn / Linie
A43: Zuckerrohr | B43: =_xlfn.XLOOKUP(A43,Preisliste!A:A,Preisliste!B:B,"nicht gefunden") -> 125 | C43: 1500 | D43: 24 | E43: =D43*C43 -> 36000 | F43: =(E43/1000)*B43 -> 4500 | G43: Rum | H43: =_xlfn.XLOOKUP(G43,Preisliste!A:A,Preisliste!B:B,"nicht gefunden") -> 2000 | I43: 200 | J43: =D43 -> 24 | K43: =I43*J43 -> 4800 | L43: =(K43/1000)*H43 -> 9600 | M43: =L43-F43-F44+L44 -> 4495.2
A44: Fass | B44: =_xlfn.XLOOKUP(A44,Preisliste!A:A,Preisliste!B:B,"nicht gefunden") -> 1780 | C44: 15 | D44: =D43 -> 24 | E44: =D44*C44 -> 360 | F44: =(E44/1000)*B44 -> 640.8 | G44: OrganischeAbfall | H44: =_xlfn.XLOOKUP(G44,Preisliste!A:A,Preisliste!B:B,"nicht gefunden") -> 30 | I44: 50 | J44: =D44 -> 24 | K44: =I44*J44 -> 1200 | L44: =(K44/1000)*H44 -> 36
A45: Input | B45: Preis / 1.000 L | C45: Input Menge/Zyklus | D45: Zyklen | E45: Verbrqauch/Tag | F45: Ausgabe/Monat | G45: Export | H45: Preis / 1.000 L | I45: Output Menge/Zyklus | J45: Zyklen | K45: Erzeugnis/Tag | L45: Einnahmen/Monat | M45: Gewinn / Linie
A46: Wasser | B46: =_xlfn.XLOOKUP(A46,Preisliste!A:A,Preisliste!B:B,"nicht gefunden") -> 0 | C46: 350 | D46: 24 | E46: =D46*C46 -> 8400 | F46: =(E46/1000)*B46 -> 0 | G46: Whiskey | H46: =_xlfn.XLOOKUP(G46,Preisliste!A:A,Preisliste!B:B,"nicht gefunden") -> 2100 | I46: 200 | J46: =D46 -> 24 | K46: =I46*J46 -> 4800 | L46: =(K46/1000)*H46 -> 10080 | M46: =L46-F46-F47-F48-F49-F50+L47 -> 5520
A47: Gerste | B47: =_xlfn.XLOOKUP(A47,Preisliste!A:A,Preisliste!B:B,"nicht gefunden") -> 335 | C47: 250 | D47: =D46 -> 24 | E47: =D47*C47 -> 6000 | F47: =(E47/1000)*B47 -> 2010 | G47: OrganischeAbfall | H47: =_xlfn.XLOOKUP(G47,Preisliste!A:A,Preisliste!B:B,"nicht gefunden") -> 30 | I47: 50 | J47: =D46 -> 24 | K47: =I47*J47 -> 1200 | L47: =(K47/1000)*H47 -> 36
A48: Roggen | B48: =_xlfn.XLOOKUP(A48,Preisliste!A:A,Preisliste!B:B,"nicht gefunden") -> 530 | C48: 150 | D48: =D46 -> 24 | E48: =D48*C48 -> 3600 | F48: =(E48/1000)*B48 -> 1908
A49: Fass | B49: =_xlfn.XLOOKUP(A49,Preisliste!A:A,Preisliste!B:B,"nicht gefunden") -> 1780 | C49: 15 | D49: 24 | E49: =D49*C49 -> 360 | F49: =(E49/1000)*B49 -> 640.8
A50: Hefe | B50: =_xlfn.XLOOKUP(A50,Preisliste!A:A,Preisliste!B:B,"nicht gefunden") -> 310 | C50: 5 | D50: =D49 -> 24 | E50: =D50*C50 -> 120 | F50: =(E50/1000)*B50 -> 37.2
A51: Input | B51: Preis / 1.000 L | C51: Input Menge/Zyklus | D51: Zyklen | E51: Verbrqauch/Tag | F51: Ausgabe/Monat | G51: Export | H51: Preis / 1.000 L | I51: Output Menge/Zyklus | J51: Zyklen | K51: Erzeugnis/Tag | L51: Einnahmen/Monat | M51: Gewinn / Linie
A52: Kartoffeln | B52: =_xlfn.XLOOKUP(A52,Preisliste!A:A,Preisliste!B:B,"nicht gefunden") -> 255 | C52: 800 | D52: 24 | E52: =D52*C52 -> 19200 | F52: =(E52/1000)*B52 -> 4896 | G52: Vodka | H52: =_xlfn.XLOOKUP(G52,Preisliste!A:A,Preisliste!B:B,"nicht gefunden") -> 1980 | I52: 450 | J52: =D52 -> 24 | K52: =I52*J52 -> 10800 | L52: =(K52/1000)*H52 -> 21384 | M52: =L52-F52-F53-F54-F55+L53 -> 11138.4
A53: Wasser | B53: =_xlfn.XLOOKUP(A53,Preisliste!A:A,Preisliste!B:B,"nicht gefunden") -> 0 | C53: 200 | D53: =D52 -> 24 | E53: =D53*C53 -> 4800 | F53: =(E53/1000)*B53 -> 0 | G53: OrganischeAbfall | H53: =_xlfn.XLOOKUP(G53,Preisliste!A:A,Preisliste!B:B,"nicht gefunden") -> 30 | I53: 50 | J53: =D52 -> 24 | K53: =I53*J53 -> 1200 | L53: =(K53/1000)*H53 -> 36
A54: Hafer | B54: =_xlfn.XLOOKUP(A54,Preisliste!A:A,Preisliste!B:B,"nicht gefunden") -> 570 | C54: 300 | D54: =D52 -> 24 | E54: =D54*C54 -> 7200 | F54: =(E54/1000)*B54 -> 4104
A55: Fass | B55: =_xlfn.XLOOKUP(A55,Preisliste!A:A,Preisliste!B:B,"nicht gefunden") -> 1780 | C55: 30 | D55: 24 | E55: =D55*C55 -> 720 | F55: =(E55/1000)*B55 -> 1281.6
A57: 3. Bäckerei | L57: Kostet: | M57: 170000
A58: Ausgaben | G58: Einnahmen | M58: Gewinn
A59: Input | B59: Preis / 1.000 L | C59: Input Menge/Zyklus | D59: Zyklen | E59: Verbrqauch/Tag | F59: Ausgabe/Monat | G59: Export | H59: Preis / 1.000 L | I59: Output Menge/Zyklus | J59: Zyklen | K59: Erzeugnis/Tag | L59: Einnahmen/Monat | M59: Gewinn / Linie | N59: =M60+M65+M68+M71+M75+M82+M87+M91+M98+M103+M110+M116+M122+M128+M135+M142 -> 66945.96
A60: Mehl | B60: =_xlfn.XLOOKUP(A60,Preisliste!A:A,Preisliste!B:B,"nicht gefunden") -> 800 | C60: 100 | D60: 24 | E60: =D60*C60 -> 2400 | F60: =(E60/1000)*B60 -> 1920 | G60: Bagel | H60: =_xlfn.XLOOKUP(G60,Preisliste!A:A,Preisliste!B:B,"nicht gefunden") -> 1580 | I60: 140 | J60: =D60 -> 24 | K60: =I60*J60 -> 3360 | L60: =(K60/1000)*H60 -> 5308.8 | M60: =L60-F60-F61-F62-F63 -> 2039.04
A61: Eier | B61: =_xlfn.XLOOKUP(A61,Preisliste!A:A,Preisliste!B:B,"nicht gefunden") -> 1400 | C61: 20 | D61: =D60 -> 24 | E61: =D61*C61 -> 480 | F61: =(E61/1000)*B61 -> 672
A62: Hefe | B62: =_xlfn.XLOOKUP(A62,Preisliste!A:A,Preisliste!B:B,"nicht gefunden") -> 310 | C62: 4 | D62: =D60 -> 24 | E62: =D62*C62 -> 96 | F62: =(E62/1000)*B62 -> 29.76
A63: Mohn | B63: =_xlfn.XLOOKUP(A63,Preisliste!A:A,Preisliste!B:B,"nicht gefunden") -> 540 | C63: 50 | D63: 24 | E63: =D63*C63 -> 1200 | F63: =(E63/1000)*B63 -> 648
A64: Input | B64: Preis / 1.000 L | C64: Input Menge/Zyklus | D64: Zyklen | E64: Verbrqauch/Tag | F64: Ausgabe/Monat | G64: Export | H64: Preis / 1.000 L | I64: Output Menge/Zyklus | J64: Zyklen | K64: Erzeugnis/Tag | L64: Einnahmen/Monat | M64: Gewinn / Linie
A65: Mehl | B65: =_xlfn.XLOOKUP(A65,Preisliste!A:A,Preisliste!B:B,"nicht gefunden") -> 800 | C65: 220 | D65: 24 | E65: =D65*C65 -> 5280 | F65: =(E65/1000)*B65 -> 4224 | G65: Baguette | H65: =_xlfn.XLOOKUP(G65,Preisliste!A:A,Preisliste!B:B,"nicht gefunden") -> 1400 | I65: 190 | J65: =D65 -> 24 | K65: =I65*J65 -> 4560 | L65: =(K65/1000)*H65 -> 6384 | M65: =L65-F65-F66 -> 2085.6
A66: Hefe | B66: =_xlfn.XLOOKUP(A66,Preisliste!A:A,Preisliste!B:B,"nicht gefunden") -> 310 | C66: 10 | D66: =D65 -> 24 | E66: =D66*C66 -> 240 | F66: =(E66/1000)*B66 -> 74.4
A67: Input | B67: Preis / 1.000 L | C67: Input Menge/Zyklus | D67: Zyklen | E67: Verbrqauch/Tag | F67: Ausgabe/Monat | G67: Export | H67: Preis / 1.000 L | I67: Output Menge/Zyklus | J67: Zyklen | K67: Erzeugnis/Tag | L67: Einnahmen/Monat | M67: Gewinn / Linie
A68: Mehl | B68: =_xlfn.XLOOKUP(A68,Preisliste!A:A,Preisliste!B:B,"nicht gefunden") -> 800 | C68: 180 | D68: 24 | E68: =D68*C68 -> 4320 | F68: =(E68/1000)*B68 -> 3456 | G68: Brot | H68: =_xlfn.XLOOKUP(G68,Preisliste!A:A,Preisliste!B:B,"nicht gefunden") -> 1900 | I68: 120 | J68: =D68 -> 24 | K68: =I68*J68 -> 2880 | L68: =(K68/1000)*H68 -> 5472 | M68: =L68-F68-F69 -> 1956.48
A69: Hefe | B69: =_xlfn.XLOOKUP(A69,Preisliste!A:A,Preisliste!B:B,"nicht gefunden") -> 310 | C69: 8 | D69: =D68 -> 24 | E69: =D69*C69 -> 192 | F69: =(E69/1000)*B69 -> 59.52
A70: Input | B70: Preis / 1.000 L | C70: Input Menge/Zyklus | D70: Zyklen | E70: Verbrqauch/Tag | F70: Ausgabe/Monat | G70: Export | H70: Preis / 1.000 L | I70: Output Menge/Zyklus | J70: Zyklen | K70: Erzeugnis/Tag | L70: Einnahmen/Monat | M70: Gewinn / Linie
A71: Mehl | B71: =_xlfn.XLOOKUP(A71,Preisliste!A:A,Preisliste!B:B,"nicht gefunden") -> 800 | C71: 50 | D71: 24 | E71: =D71*C71 -> 1200 | F71: =(E71/1000)*B71 -> 960 | G71: Kartoffelbrot | H71: =_xlfn.XLOOKUP(G71,Preisliste!A:A,Preisliste!B:B,"nicht gefunden") -> 1520 | I71: 150 | J71: =D71 -> 24 | K71: =I71*J71 -> 3600 | L71: =(K71/1000)*H71 -> 5472 | M71: =L71-F71-F72-F73 -> 2653.68
A72: Hefe | B72: =_xlfn.XLOOKUP(A72,Preisliste!A:A,Preisliste!B:B,"nicht gefunden") -> 310 | C72: 3 | D72: =D71 -> 24 | E72: =D72*C72 -> 72 | F72: =(E72/1000)*B72 -> 22.32
A73: Kartoffeln | B73: =_xlfn.XLOOKUP(A73,Preisliste!A:A,Preisliste!B:B,"nicht gefunden") -> 255 | C73: 300 | D73: =D71 -> 24 | E73: =D73*C73 -> 7200 | F73: =(E73/1000)*B73 -> 1836
A74: Input | B74: Preis / 1.000 L | C74: Input Menge/Zyklus | D74: Zyklen | E74: Verbrqauch/Tag | F74: Ausgabe/Monat | G74: Export | H74: Preis / 1.000 L | I74: Output Menge/Zyklus | J74: Zyklen | K74: Erzeugnis/Tag | L74: Einnahmen/Monat | M74: Gewinn / Linie
A75: Roggenmehl | B75: =_xlfn.XLOOKUP(A75,Preisliste!A:A,Preisliste!B:B,"nicht gefunden") -> 570 | C75: 80 | D75: 24 | E75: =D75*C75 -> 1920 | F75: =(E75/1000)*B75 -> 1094.4 | G75: Kuchen | H75: =_xlfn.XLOOKUP(G75,Preisliste!A:A,Preisliste!B:B,"nicht gefunden") -> 3500 | I75: 330 | J75: =D75 -> 24 | K75: =I75*J75 -> 7920 | L75: =(K75/1000)*H75 -> 27720 | M75: =L75-F75-F76-F77-F78-F79-F80 -> 18494.4
A76: Zucker | B76: =_xlfn.XLOOKUP(A76,Preisliste!A:A,Preisliste!B:B,"nicht gefunden") -> 525 | C76: 80 | D76: =D75 -> 24 | E76: =D76*C76 -> 1920 | F76: =(E76/1000)*B76 -> 1008
A77: Milch (abgefüllt) | B77: =_xlfn.XLOOKUP(A77,Preisliste!A:A,Preisliste!B:B,"nicht gefunden") -> 620 | C77: 80 | D77: =D75 -> 24 | E77: =D77*C77 -> 1920 | F77: =(E77/1000)*B77 -> 1190.4
A78: Eier | B78: =_xlfn.XLOOKUP(A78,Preisliste!A:A,Preisliste!B:B,"nicht gefunden") -> 1400 | C78: 80 | D78: 24 | E78: =D78*C78 -> 1920 | F78: =(E78/1000)*B78 -> 2688
A79: Butter | B79: =_xlfn.XLOOKUP(A79,Preisliste!A:A,Preisliste!B:B,"nicht gefunden") -> 1200 | C79: 80 | D79: =D78 -> 24 | E79: =D79*C79 -> 1920 | F79: =(E79/1000)*B79 -> 2304
A80: Erdbeeren | B80: =_xlfn.XLOOKUP(A80,Preisliste!A:A,Preisliste!B:B,"nicht gefunden") -> 490 | C80: 80 | D80: =D79 -> 24 | E80: =D80*C80 -> 1920 | F80: =(E80/1000)*B80 -> 940.8
A81: Input | B81: Preis / 1.000 L | C81: Input Menge/Zyklus | D81: Zyklen | E81: Verbrqauch/Tag | F81: Ausgabe/Monat | G81: Export | H81: Preis / 1.000 L | I81: Output Menge/Zyklus | J81: Zyklen | K81: Erzeugnis/Tag | L81: Einnahmen/Monat | M81: Gewinn / Linie
A82: Mehl | B82: =_xlfn.XLOOKUP(A82,Preisliste!A:A,Preisliste!B:B,"nicht gefunden") -> 800 | C82: 40 | D82: 24 | E82: =D82*C82 -> 960 | F82: =(E82/1000)*B82 -> 768 | G82: Milchbrot | H82: =_xlfn.XLOOKUP(G82,Preisliste!A:A,Preisliste!B:B,"nicht gefunden") -> 1800 | I82: 100 | J82: =D82 -> 24 | K82: =I82*J82 -> 2400 | L82: =(K82/1000)*H82 -> 4320 | M82: =L82-F82-F83-F84-F85 -> 2838.72
A83: Hefe | B83: =_xlfn.XLOOKUP(A83,Preisliste!A:A,Preisliste!B:B,"nicht gefunden") -> 310 | C83: 2 | D83: =D82 -> 24 | E83: =D83*C83 -> 48 | F83: =(E83/1000)*B83 -> 14.88
A84: Milch (abgefüllt) | B84: =_xlfn.XLOOKUP(A84,Preisliste!A:A,Preisliste!B:B,"nicht gefunden") -> 620 | C84: 30 | D84: =D82 -> 24 | E84: =D84*C84 -> 720 | F84: =(E84/1000)*B84 -> 446.4
A85: Zucker | B85: =_xlfn.XLOOKUP(A85,Preisliste!A:A,Preisliste!B:B,"nicht gefunden") -> 525 | C85: 20 | D85: 24 | E85: =D85*C85 -> 480 | F85: =(E85/1000)*B85 -> 252
A86: Input | B86: Preis / 1.000 L | C86: Input Menge/Zyklus | D86: Zyklen | E86: Verbrqauch/Tag | F86: Ausgabe/Monat | G86: Export | H86: Preis / 1.000 L | I86: Output Menge/Zyklus | J86: Zyklen | K86: Erzeugnis/Tag | L86: Einnahmen/Monat | M86: Gewinn / Linie
A87: Roggenmehl | B87: =_xlfn.XLOOKUP(A87,Preisliste!A:A,Preisliste!B:B,"nicht gefunden") -> 570 | C87: 50 | D87: 24 | E87: =D87*C87 -> 1200 | F87: =(E87/1000)*B87 -> 684 | G87: Obstkuchen | H87: =_xlfn.XLOOKUP(G87,Preisliste!A:A,Preisliste!B:B,"nicht gefunden") -> 1400 | I87: 140 | J87: =D87 -> 24 | K87: =I87*J87 -> 3360 | L87: =(K87/1000)*H87 -> 4704 | M87: =L87-F87-F88-F89 -> 3297.6
A88: Zucker | B88: =_xlfn.XLOOKUP(A88,Preisliste!A:A,Preisliste!B:B,"nicht gefunden") -> 525 | C88: 20 | D88: =D87 -> 24 | E88: =D88*C88 -> 480 | F88: =(E88/1000)*B88 -> 252
A89: Erdbeeren | B89: =_xlfn.XLOOKUP(A89,Preisliste!A:A,Preisliste!B:B,"nicht gefunden") -> 490 | C89: 40 | D89: =D87 -> 24 | E89: =D89*C89 -> 960 | F89: =(E89/1000)*B89 -> 470.4
A90: Input | B90: Preis / 1.000 L | C90: Input Menge/Zyklus | D90: Zyklen | E90: Verbrqauch/Tag | F90: Ausgabe/Monat | G90: Export | H90: Preis / 1.000 L | I90: Output Menge/Zyklus | J90: Zyklen | K90: Erzeugnis/Tag | L90: Einnahmen/Monat | M90: Gewinn / Linie
A91: Mehl | B91: =_xlfn.XLOOKUP(A91,Preisliste!A:A,Preisliste!B:B,"nicht gefunden") -> 800 | C91: 30 | D91: 24 | E91: =D91*C91 -> 720 | F91: =(E91/1000)*B91 -> 576 | G91: Pizza | H91: =_xlfn.XLOOKUP(G91,Preisliste!A:A,Preisliste!B:B,"nicht gefunden") -> 1980 | I91: 150 | J91: =D91 -> 24 | K91: =I91*J91 -> 3600 | L91: =(K91/1000)*H91 -> 7128 | M91: =L91-F91-F92-F93-F94-F95-F96 -> 4656.72
A92: Ziegenkäse | B92: =_xlfn.XLOOKUP(A92,Preisliste!A:A,Preisliste!B:B,"nicht gefunden") -> 1800 | C92: 25 | D92: =D91 -> 24 | E92: =D92*C92 -> 600 | F92: =(E92/1000)*B92 -> 1080
A93: Tomaten | B93: =_xlfn.XLOOKUP(A93,Preisliste!A:A,Preisliste!B:B,"nicht gefunden") -> 550 | C93: 25 | D93: =D91 -> 24 | E93: =D93*C93 -> 600 | F93: =(E93/1000)*B93 -> 330
A94: Chillischoten | B94: =_xlfn.XLOOKUP(A94,Preisliste!A:A,Preisliste!B:B,"nicht gefunden") -> 500 | C94: 15 | D94: 24 | E94: =D94*C94 -> 360 | F94: =(E94/1000)*B94 -> 180
A95: Knoblauch | B95: =_xlfn.XLOOKUP(A95,Preisliste!A:A,Preisliste!B:B,"nicht gefunden") -> 480 | C95: 15 | D95: =D94 -> 24 | E95: =D95*C95 -> 360 | F95: =(E95/1000)*B95 -> 172.8
A96: Enoki | B96: =_xlfn.XLOOKUP(A96,Preisliste!A:A,Preisliste!B:B,"nicht gefunden") -> 460 | C96: 12 | D96: =D95 -> 24 | E96: =D96*C96 -> 288 | F96: =(E96/1000)*B96 -> 132.48
A97: Input | B97: Preis / 1.000 L | C97: Input Menge/Zyklus | D97: Zyklen | E97: Verbrqauch/Tag | F97: Ausgabe/Monat | G97: Export | H97: Preis / 1.000 L | I97: Output Menge/Zyklus | J97: Zyklen | K97: Erzeugnis/Tag | L97: Einnahmen/Monat | M97: Gewinn / Linie
A98: Reismehl | B98: =_xlfn.XLOOKUP(A98,Preisliste!A:A,Preisliste!B:B,"nicht gefunden") -> 1000 | C98: 40 | D98: 24 | E98: =D98*C98 -> 960 | F98: =(E98/1000)*B98 -> 960 | G98: Pizza | H98: =_xlfn.XLOOKUP(G98,Preisliste!A:A,Preisliste!B:B,"nicht gefunden") -> 1980 | I98: 150 | J98: =D98 -> 24 | K98: =I98*J98 -> 3600 | L98: =(K98/1000)*H98 -> 7128 | M98: =L98-F98-F99-F100-F101 -> 4848
A99: Käse | B99: =_xlfn.XLOOKUP(A99,Preisliste!A:A,Preisliste!B:B,"nicht gefunden") -> 1900 | C99: 15 | D99: =D98 -> 24 | E99: =D99*C99 -> 360 | F99: =(E99/1000)*B99 -> 684
A100: Tomaten | B100: =_xlfn.XLOOKUP(A100,Preisliste!A:A,Preisliste!B:B,"nicht gefunden") -> 550 | C100: 30 | D100: =D98 -> 24 | E100: =D100*C100 -> 720 | F100: =(E100/1000)*B100 -> 396
A101: Chillischoten | B101: =_xlfn.XLOOKUP(A101,Preisliste!A:A,Preisliste!B:B,"nicht gefunden") -> 500 | C101: 20 | D101: 24 | E101: =D101*C101 -> 480 | F101: =(E101/1000)*B101 -> 240
A102: Input | B102: Preis / 1.000 L | C102: Input Menge/Zyklus | D102: Zyklen | E102: Verbrqauch/Tag | F102: Ausgabe/Monat | G102: Export | H102: Preis / 1.000 L | I102: Output Menge/Zyklus | J102: Zyklen | K102: Erzeugnis/Tag | L102: Einnahmen/Monat | M102: Gewinn / Linie
...

Sheet Preisliste
A1: Produkt | B1: Preis | C1: Produktion | D1: Verbrauch | E1: Differenz
A2: Äpfel | B2: 720 | D2: 12600 | E2: =Tabelle1[[#This Row],[Produktion]]-Tabelle1[[#This Row],[Verbrauch]] -> -12600
A3: Apfelsaft | B3: 2005 | C3: 3600 | E3: =Tabelle1[[#This Row],[Produktion]]-Tabelle1[[#This Row],[Verbrauch]] -> 3600
A4: Aprikosen | B4: 880 | D4: 3600 | E4: =Tabelle1[[#This Row],[Produktion]]-Tabelle1[[#This Row],[Verbrauch]] -> -3600
A5: Aprikosensaft | B5: 2200 | C5: 3600 | E5: =Tabelle1[[#This Row],[Produktion]]-Tabelle1[[#This Row],[Verbrauch]] -> 3600
A6: Aubergine | B6: 610 | D6: 5160 | E6: =Tabelle1[[#This Row],[Produktion]]-Tabelle1[[#This Row],[Verbrauch]] -> -5160
A7: Auberginenpüree | B7: 750 | C7: 7200 | E7: =Tabelle1[[#This Row],[Produktion]]-Tabelle1[[#This Row],[Verbrauch]] -> 7200
A8: Austernpilz | B8: 950 | E8: =Tabelle1[[#This Row],[Produktion]]-Tabelle1[[#This Row],[Verbrauch]] -> 0
A9: Binden | B9: 2120 | E9: =Tabelle1[[#This Row],[Produktion]]-Tabelle1[[#This Row],[Verbrauch]] -> 0
A10: Badewanne | B10: 1740 | E10: =Tabelle1[[#This Row],[Produktion]]-Tabelle1[[#This Row],[Verbrauch]] -> 0
A11: Bagel | B11: 1580 | C11: 3360 | E11: =Tabelle1[[#This Row],[Produktion]]-Tabelle1[[#This Row],[Verbrauch]] -> 3360
A12: Baguette | B12: 1400 | C12: 4560 | E12: =Tabelle1[[#This Row],[Produktion]]-Tabelle1[[#This Row],[Verbrauch]] -> 4560
A13: Baumwolle | B13: 1200 | D13: 33600 | E13: =Tabelle1[[#This Row],[Produktion]]-Tabelle1[[#This Row],[Verbrauch]] -> -33600
A14: Betonziegel | B14: 1610 | E14: =Tabelle1[[#This Row],[Produktion]]-Tabelle1[[#This Row],[Verbrauch]] -> 0
A15: Bier | B15: 1420 | C15: 14400 | E15: =Tabelle1[[#This Row],[Produktion]]-Tabelle1[[#This Row],[Verbrauch]] -> 14400
A16: Birnen | B16: 830 | D16: 3600 | E16: =Tabelle1[[#This Row],[Produktion]]-Tabelle1[[#This Row],[Verbrauch]] -> -3600
A17: Birnensaft | B17: 2090 | C17: 3600 | E17: =Tabelle1[[#This Row],[Produktion]]-Tabelle1[[#This Row],[Verbrauch]] -> 3600
A18: Blumenkohl | B18: 820 | D18: 2400 | E18: =Tabelle1[[#This Row],[Produktion]]-Tabelle1[[#This Row],[Verbrauch]] -> -2400
A19: Bohnensuppe | B19: 590 | C19: 14400 | E19: =Tabelle1[[#This Row],[Produktion]]-Tabelle1[[#This Row],[Verbrauch]] -> 14400
A20: Bohnensäcke | B20: 1130 | C20: 6000 | E20: =Tabelle1[[#This Row],[Produktion]]-Tabelle1[[#This Row],[Verbrauch]] -> 6000
A21: Bourbon | B21: 2200 | C21: 7200 | E21: =Tabelle1[[#This Row],[Produktion]]-Tabelle1[[#This Row],[Verbrauch]] -> 7200
A22: Brandy | B22: 2150 | C22: 6720 | E22: =Tabelle1[[#This Row],[Produktion]]-Tabelle1[[#This Row],[Verbrauch]] -> 6720
A23: Bretter | B23: 1400 | C23: 9840 | D23: 6000 | E23: =Tabelle1[[#This Row],[Produktion]]-Tabelle1[[#This Row],[Verbrauch]] -> 3840
A24: Brot | B24: 1900 | C24: 2880 | D24: 2400 | E24: =Tabelle1[[#This Row],[Produktion]]-Tabelle1[[#This Row],[Verbrauch]] -> 480
A25: Büffelmilch | B25: 3750 | D25: 19680 | E25: =Tabelle1[[#This Row],[Produktion]]-Tabelle1[[#This Row],[Verbrauch]] -> -19680
A26: Büffelmilch (abgefüllt) | B26: 2730 | C26: 6000 | E26: =Tabelle1[[#This Row],[Produktion]]-Tabelle1[[#This Row],[Verbrauch]] -> 6000
A27: Büffelmozzarella | B27: 8000 | C27: 3360 | E27: =Tabelle1[[#This Row],[Produktion]]-Tabelle1[[#This Row],[Verbrauch]] -> 3360
A28: Buschbohnen | B28: 760 | D28: 21600 | E28: =Tabelle1[[#This Row],[Produktion]]-Tabelle1[[#This Row],[Verbrauch]] -> -21600
A29: Butter | B29: 1200 | C29: 56400 | D29: 5040 | E29: =Tabelle1[[#This Row],[Produktion]]-Tabelle1[[#This Row],[Verbrauch]] -> 51360
A30: Chillischoten | B30: 500 | D30: 11352 | E30: =Tabelle1[[#This Row],[Produktion]]-Tabelle1[[#This Row],[Verbrauch]] -> -11352
A31: Chinakohl | B31: 380 | D31: 960 | E31: =Tabelle1[[#This Row],[Produktion]]-Tabelle1[[#This Row],[Verbrauch]] -> -960
A32: Cider | B32: 2100 | C32: 6000 | E32: =Tabelle1[[#This Row],[Produktion]]-Tabelle1[[#This Row],[Verbrauch]] -> 6000
A33: Dachplatte | B33: 1580 | E33: =Tabelle1[[#This Row],[Produktion]]-Tabelle1[[#This Row],[Verbrauch]] -> 0
A34: Diesel | B34: 1200 | C34: 55200 | D34: 2400 | E34: =Tabelle1[[#This Row],[Produktion]]-Tabelle1[[#This Row],[Verbrauch]] -> 52800
A35: Dinkel | B35: 420 | D35: 25200 | E35: =Tabelle1[[#This Row],[Produktion]]-Tabelle1[[#This Row],[Verbrauch]] -> -25200
A36: Dosenbohnen | B36: 1300 | C36: 5280 | E36: =Tabelle1[[#This Row],[Produktion]]-Tabelle1[[#This Row],[Verbrauch]] -> 5280
A37: Dosenerbsen | B37: 2660 | C37: 2880 | E37: =Tabelle1[[#This Row],[Produktion]]-Tabelle1[[#This Row],[Verbrauch]] -> 2880
A38: Dreierlei-Suppen | B38: 940 | C38: 4080 | E38: =Tabelle1[[#This Row],[Produktion]]-Tabelle1[[#This Row],[Verbrauch]] -> 4080
A39: Eier | B39: 1400 | D39: 18912 | E39: =Tabelle1[[#This Row],[Produktion]]-Tabelle1[[#This Row],[Verbrauch]] -> -18912
A40: Eimer | B40: 1290 | E40: =Tabelle1[[#This Row],[Produktion]]-Tabelle1[[#This Row],[Verbrauch]] -> 0
A41: Eingelegte Gurken | B41: 950 | C41: 4080 | E41: =Tabelle1[[#This Row],[Produktion]]-Tabelle1[[#This Row],[Verbrauch]] -> 4080
A42: Eingelegter Blumenkohl | B42: 1360 | C42: 3600 | E42: =Tabelle1[[#This Row],[Produktion]]-Tabelle1[[#This Row],[Verbrauch]] -> 3600
A43: Eingelegter Kohl | B43: 1650 | C43: 4560 | E43: =Tabelle1[[#This Row],[Produktion]]-Tabelle1[[#This Row],[Verbrauch]] -> 4560
A44: Eingemachte Buschbohnen | B44: 1880 | C44: 3600 | E44: =Tabelle1[[#This Row],[Produktion]]-Tabelle1[[#This Row],[Verbrauch]] -> 3600
A45: Eiscreme | B45: 1720 | C45: 19920 | E45: =Tabelle1[[#This Row],[Produktion]]-Tabelle1[[#This Row],[Verbrauch]] -> 19920
A46: Erdnüsse | B46: 185 | D46: 38400 | E46: =Tabelle1[[#This Row],[Produktion]]-Tabelle1[[#This Row],[Verbrauch]] -> -38400
A47: Eisenerz | B47: 1000 | D47: 12384 | E47: =Tabelle1[[#This Row],[Produktion]]-Tabelle1[[#This Row],[Verbrauch]] -> -12384
A48: Enoki | B48: 460 | D48: 3048 | E48: =Tabelle1[[#This Row],[Produktion]]-Tabelle1[[#This Row],[Verbrauch]] -> -3048
A49: Erbsen | B49: 1100 | D49: 14400 | E49: =Tabelle1[[#This Row],[Produktion]]-Tabelle1[[#This Row],[Verbrauch]] -> -14400
A50: Erdbeeren | B50: 490 | D50: 15360 | E50: =Tabelle1[[#This Row],[Produktion]]-Tabelle1[[#This Row],[Verbrauch]] -> -15360
A51: Erdbeersaft | B51: 1600 | C51: 3600 | E51: =Tabelle1[[#This Row],[Produktion]]-Tabelle1[[#This Row],[Verbrauch]] -> 3600
A52: Erdnussbutter | B52: 1070 | C52: 10800 | E52: =Tabelle1[[#This Row],[Produktion]]-Tabelle1[[#This Row],[Verbrauch]] -> 10800
A53: Erdnussbällchen | B53: 2100 | C53: 6000 | E53: =Tabelle1[[#This Row],[Produktion]]-Tabelle1[[#This Row],[Verbrauch]] -> 6000
A54: Erdnussmehl | B54: 1170 | C54: 6000 | E54: =Tabelle1[[#This Row],[Produktion]]-Tabelle1[[#This Row],[Verbrauch]] -> 6000
A55: Erdnusssäcke | B55: 260 | C55: 9600 | E55: =Tabelle1[[#This Row],[Produktion]]-Tabelle1[[#This Row],[Verbrauch]] -> 9600
A56: Erdnussöl | B56: 1940 | C56: 4800 | E56: =Tabelle1[[#This Row],[Produktion]]-Tabelle1[[#This Row],[Verbrauch]] -> 4800
A57: Ethanol | B57: 1660 | C57: 12000 | D57: 12000 | E57: =Tabelle1[[#This Row],[Produktion]]-Tabelle1[[#This Row],[Verbrauch]] -> 0
A58: Fass | B58: 1780 | D58: 3624 | E58: =Tabelle1[[#This Row],[Produktion]]-Tabelle1[[#This Row],[Verbrauch]] -> -3624
A59: Fertigwand | B59: 4960 | C59: 2400 | E59: =Tabelle1[[#This Row],[Produktion]]-Tabelle1[[#This Row],[Verbrauch]] -> 2400
A60: Flachsfaser | B60: 360 | D60: 52800 | E60: =Tabelle1[[#This Row],[Produktion]]-Tabelle1[[#This Row],[Verbrauch]] -> -52800
A61: Flüssigdünger | B61: 1200 | C61: 38400 | E61: =Tabelle1[[#This Row],[Produktion]]-Tabelle1[[#This Row],[Verbrauch]] -> 38400
A62: Fruchtlikör | B62: 2550 | C62: 4800 | E62: =Tabelle1[[#This Row],[Produktion]]-Tabelle1[[#This Row],[Verbrauch]] -> 4800
A63: Frühlingslauch | B63: 490 | D63: 192 | E63: =Tabelle1[[#This Row],[Produktion]]-Tabelle1[[#This Row],[Verbrauch]] -> -192
A64: Gebrochener Mais | B64: 970 | C64: 24000 | E64: =Tabelle1[[#This Row],[Produktion]]-Tabelle1[[#This Row],[Verbrauch]] -> 24000
A65: Geflügelfleisch | B65: 1500 | C65: 2400 | E65: =Tabelle1[[#This Row],[Produktion]]-Tabelle1[[#This Row],[Verbrauch]] -> 2400
A66: Grassilage | B66: 120 | E66: =Tabelle1[[#This Row],[Produktion]]-Tabelle1[[#This Row],[Verbrauch]] -> 0
A67: Gurke | B67: 430 | D67: 2400 | E67: =Tabelle1[[#This Row],[Produktion]]-Tabelle1[[#This Row],[Verbrauch]] -> -2400
A68: Gärreste | B68: 40 | D68: 108000 | E68: =Tabelle1[[#This Row],[Produktion]]-Tabelle1[[#This Row],[Verbrauch]] -> -108000
A69: Gülle | B69: 40 | D69: 108000 | E69: =Tabelle1[[#This Row],[Produktion]]-Tabelle1[[#This Row],[Verbrauch]] -> -108000
A70: Gerste | B70: 335 | D70: 18000 | E70: =Tabelle1[[#This Row],[Produktion]]-Tabelle1[[#This Row],[Verbrauch]] -> -18000
A71: Gras | B71: 45 | E71: =Tabelle1[[#This Row],[Produktion]]-Tabelle1[[#This Row],[Verbrauch]] -> 0
A72: Hackschnitzel | B72: 340 | C72: 9360 | D72: 48000 | E72: =Tabelle1[[#This Row],[Produktion]]-Tabelle1[[#This Row],[Verbrauch]] -> -38640
A73: Hafer | B73: 570 | D73: 41280 | E73: =Tabelle1[[#This Row],[Produktion]]-Tabelle1[[#This Row],[Verbrauch]] -> -41280
A74: Hafermilch | B74: 1100 | C74: 12000 | E74: =Tabelle1[[#This Row],[Produktion]]-Tabelle1[[#This Row],[Verbrauch]] -> 12000
A75: Hanffaser | B75: 240 | D75: 52800 | E75: =Tabelle1[[#This Row],[Produktion]]-Tabelle1[[#This Row],[Verbrauch]] -> -52800
A76: Hefe | B76: 310 | D76: 2592 | E76: =Tabelle1[[#This Row],[Produktion]]-Tabelle1[[#This Row],[Verbrauch]] -> -2592
A77: Herbizid | B77: 1200 | C77: 36000 | E77: =Tabelle1[[#This Row],[Produktion]]-Tabelle1[[#This Row],[Verbrauch]] -> 36000
A78: Heu | B78: 60 | E78: =Tabelle1[[#This Row],[Produktion]]-Tabelle1[[#This Row],[Verbrauch]] -> 0
A79: Hülsenfruchtstroh | B79: 25 | D79: 4800 | E79: =Tabelle1[[#This Row],[Produktion]]-Tabelle1[[#This Row],[Verbrauch]] -> -4800
A80: Hopfen | B80: 360 | D80: 2400 | E80: =Tabelle1[[#This Row],[Produktion]]-Tabelle1[[#This Row],[Verbrauch]] -> -2400
A81: Hirse | B81: 450 | D81: 8400 | E81: =Tabelle1[[#This Row],[Produktion]]-Tabelle1[[#This Row],[Verbrauch]] -> -8400
A82: Holz | B82: 1000 | D82: 62760 | E82: =Tabelle1[[#This Row],[Produktion]]-Tabelle1[[#This Row],[Verbrauch]] -> -62760
A83: Holzbalken | B83: 2920 | C83: 4392 | D83: 2400 | E83: =Tabelle1[[#This Row],[Produktion]]-Tabelle1[[#This Row],[Verbrauch]] -> 1992
A84: Honig | B84: 1050 | D84: 3120 | E84: =Tabelle1[[#This Row],[Produktion]]-Tabelle1[[#This Row],[Verbrauch]] -> -3120
A85: Honigsesamsnack | B85: 1560 | C85: 5520 | E85: =Tabelle1[[#This Row],[Produktion]]-Tabelle1[[#This Row],[Verbrauch]] -> 5520
A86: Honigmet | B86: 2580 | C86: 3600 | E86: =Tabelle1[[#This Row],[Produktion]]-Tabelle1[[#This Row],[Verbrauch]] -> 3600
A87: Hummus | B87: 1600 | C87: 13200 | E87: =Tabelle1[[#This Row],[Produktion]]-Tabelle1[[#This Row],[Verbrauch]] -> 13200
A88: Joghurt | B88: 1100 | C88: 6000 | E88: =Tabelle1[[#This Row],[Produktion]]-Tabelle1[[#This Row],[Verbrauch]] -> 6000
A89: Kakaopulver | B89: 410 | D89: 6720 | E89: =Tabelle1[[#This Row],[Produktion]]-Tabelle1[[#This Row],[Verbrauch]] -> -6720
A90: Kalk | B90: 220 | C90: 72000 | D90: 19200 | E90: =Tabelle1[[#This Row],[Produktion]]-Tabelle1[[#This Row],[Verbrauch]] -> 52800
A91: Karotten | B91: 150 | D91: 56880 | E91: =Tabelle1[[#This Row],[Produktion]]-Tabelle1[[#This Row],[Verbrauch]] -> -56880
A92: Karottendose | B92: 570 | C92: 6000 | E92: =Tabelle1[[#This Row],[Produktion]]-Tabelle1[[#This Row],[Verbrauch]] -> 6000
A93: Karottensaft | B93: 1210 | C93: 9600 | E93: =Tabelle1[[#This Row],[Produktion]]-Tabelle1[[#This Row],[Verbrauch]] -> 9600
A94: Karottenschnitt | B94: 220 | E94: =Tabelle1[[#This Row],[Produktion]]-Tabelle1[[#This Row],[Verbrauch]] -> 0
A95: Karottensuppe | B95: 880 | C95: 6048 | E95: =Tabelle1[[#This Row],[Produktion]]-Tabelle1[[#This Row],[Verbrauch]] -> 6048
A96: Kartoffelbrot | B96: 1520 | C96: 3600 | E96: =Tabelle1[[#This Row],[Produktion]]-Tabelle1[[#This Row],[Verbrauch]] -> 3600
A97: Kartoffelchips | B97: 1500 | C97: 27600 | E97: =Tabelle1[[#This Row],[Produktion]]-Tabelle1[[#This Row],[Verbrauch]] -> 27600
A98: Kartoffeln | B98: 255 | D98: 74400 | E98: =Tabelle1[[#This Row],[Produktion]]-Tabelle1[[#This Row],[Verbrauch]] -> -74400
A99: Kartoffelschnitt | B99: 240 | E99: =Tabelle1[[#This Row],[Produktion]]-Tabelle1[[#This Row],[Verbrauch]] -> 0
A100: Kartoffelsuppe | B100: 1270 | C100: 4800 | E100: =Tabelle1[[#This Row],[Produktion]]-Tabelle1[[#This Row],[Verbrauch]] -> 4800
...
